 Dungeon Crawl Stone Soup version 0.24-a0-123-ga2403f3 (webtiles) character file.

Game seed: 8253206614175832549

2325 vulsuck the Destroyer (level 9, 0/45 HPs)
             Began as a Gargoyle Venom Mage on Feb 23, 2019.
             Was a Follower of Ashenzari.
             Shot with an arrow by a centaur (1 damage)
             ... on level 7 of the Dungeon.
             The game lasted 00:39:15 (5278 turns).

vulsuck the Destroyer (Gargoyle Venom Mage)         Turns: 5278, Time: 00:39:16

Health: 0/45       AC:  9    Str: 11    XL:     9   Next: 42%
Magic:  10/13      EV: 12    Int: 20    God:    Ashenzari [*.....]
Gold:   395        SH:  0    Dex: 10    Spells: 4/13 levels left

rFire    . . .     SeeInvis .   b - +2 whip (elec)
rCold    . . .     Gourm    .   (no shield)
rNeg     + . .     Faith    .   m - -2 robe (curse)
rPois    ∞         Spirit   .   h - +0 hat
rElec    +         Reflect  .   s - +0 cloak
rCorr    .         Harm     .   B - +0 pair of gloves
MR       .....                  d - +0 pair of boots
Stlth    ++........             (no amulet)
HPRegen  0.15/turn              x - ring of wizardry
MPRegen  0.13/turn              (no ring)

@: no status effects
A: negative energy resistance 1, electricity resistance, unbreathing,
petrification resistance, rot immunity, AC +6
a: Curse Item, Scrying, Renounce Religion


You were on level 7 of the Dungeon.
You worshipped Ashenzari.
Ashenzari was aware of your devotion.
You were not hungry.

You visited 1 branch of the dungeon, and saw 7 of its levels.

You collected 395 gold pieces.

Inventory:

Hand Weapons
 b - a +2 whip of electrocution (weapon)
 k - a +1 whip of electrocution
 w - a +2 short sword of draining
Missiles
 f - 240 stones (quivered)
 j - 25 poisoned needles
Armour
 a - a +0 robe
 d - a +0 pair of boots (worn)
 h - a +0 hat (worn)
 m - a cursed -2 robe (worn)
 s - a +0 cloak (worn)
 B - a +0 pair of gloves (worn)
Magical Staves
 y - an uncursed staff of poison
Jewellery
 x - a ring of wizardry (left hand)
Wands
 D - a wand of flame (13)
Scrolls
 p - a scroll of magic mapping {unknown}
 q - a scroll of fear {unknown}
 u - a scroll of enchant weapon
 v - 4 scrolls of teleportation
 z - a scroll of vulnerability {unknown}
 C - a scroll of noise
 E - a scroll of amnesia {unknown}
 F - 2 scrolls of identify
 G - a scroll of torment {unknown}
Potions
 e - 2 potions of lignification {unknown}
 g - a potion of agility
 i - 2 potions of heal wounds
 l - a potion of curing
 n - a potion of haste
 o - 2 potions of might
 r - 2 potions of flight
 t - a potion of brilliance
Comestibles
 c - 11 rations
 A - 5 chunks of flesh


   Skills:
 + Level 2.5 Dodging
 - Level 2.2 Stealth
 + Level 2.9 Spellcasting
 + Level 9.4 Conjurations
 - Level 8.8 Poison Magic


You had 4 spell levels left.
You knew the following spells:

 Your Spells              Type           Power        Failure   Level  Hunger
a - Sting                 Conj/Pois      ####         1%          1    None
b - Mephitic Cloud        Conj/Pois/Air  ####....     1%          3    ###....
c - Venom Bolt            Conj/Pois      #####.....   4%          5    ######.

Your spell library contained the following spells:

 Spells                   Type           Power        Failure   Level  Hunger
 Poisonous Vapours        Pois/Air       ###...       1%          2    ##.....
 Olgreb's Toxic Radiance  Pois           #####...     1%          4    ####...


Dungeon Overview and Level Annotations

Branches:
Dungeon (7/15)
 Temple: D:4-7

Altars:
Ashenzari
Fedhas
Nemelex Xobeh
The Shining One

Shops:
D:6 (

Annotations:
D:2 Sigmund
D:4 Edmund
D:6 1 transporter, exclusion: jelly, Zeus's ghost, novice MiFi


Innate Abilities, Weirdness & Mutations

You are resistant to torment.
Your stone body is resilient. (AC +6)
You are immune to poison.
You resist negative energy. (rN+)
You are resistant to electric shocks. (rElec)
You can survive without breathing.
You are immune to petrification.
You are immune to rotting.


Message History

Aim: a centaur, wielding a +0 shortbow (moderately wounded, poisoned)
The sting hits the centaur.
The centaur looks even sicker.
The centaur is moderately wounded.
The centaur shoots an arrow.
The arrow hits you.
The centaur shoots an arrow.
The arrow hits you!
* * * LOW HITPOINT WARNING * * *
Casting: Sting (safe; 1% risk of failure)
Confirm with . or Enter, or press ? or * to list all spells.
Aiming: Sting (safe; 1% risk of failure)
Press: ? - help, Shift-Dir - straight line, f/p - centaur
Aim: a centaur, wielding a +0 shortbow (moderately wounded, poisoned)
The sting misses the centaur.
The centaur shoots an arrow.
The arrow closely misses you.
The centaur shoots an arrow.
The arrow hits you but does no damage.
There is a stone staircase leading up here.
You see here an arrow.
The centaur shoots an arrow.
The arrow hits you.
* * * LOW HITPOINT WARNING * * *
The centaur shoots an arrow.
The arrow hits you.
You die...

#.........#
#.........#
#.........#
#........c#
#.........#
#######...#
#....##)..#
#.....#(.(#
#....[+(@.#
#.....#(..#
#.....#...#
...#
#.....#...#
...#
#.....#...#
...#
#.....#...#
...#
#.....#...#
...#
'...o.#...#
...# #...#


You could see a centaur.

Vanquished Creatures
  Pikel (D:5)
  An ice beast (D:7)
  A slave (D:5)
  An orc warrior (D:7)
  A sky beast (D:6)
  A centaur (D:7)
  Blork the orc (D:6)
  A bullfrog (D:6)
  A gnoll sergeant (D:6)
  2 scorpions
  8 killer bees (D:5)
  A crimson imp (D:7)
  A hound (D:5)
  A bullfrog zombie (D:5)
  A centaur skeleton (D:4)
  A gnoll shaman (D:4)
  3 orc priests
  8 orc wizards
  2 iguanas (D:5)
  2 hound skeletons
  Robin (D:2)
  13 gnolls
  A howler monkey skeleton (D:4)
  9 adders
  An ooze (D:1)
  3 adder skeletons
  2 worms
  A dart slug (D:1)
  6 leopard geckos
  31 orcs
  3 ball pythons
  2 giant cockroaches
  13 goblins
  10 hobgoblins
  14 jackals
  11 kobolds
  4 quokkas
  4 bats
  6 frilled lizards
  4 rats
178 creatures vanquished.

Vanquished Creatures (others)
  A quokka (D:5)
1 creature vanquished.

Grand Total: 179 creatures vanquished

Notes
Turn   | Place    | Note
-------+----------+-------------------------------------------
     0 | D:1      | vulsuck the Gargoyle Venom Mage began the quest for the
                  | Orb.
     0 | D:1      | Reached XP level 1. HP: 10/10 MP: 3/3
   206 | D:1      | Reached XP level 2. HP: 15/15 MP: 1/5
   327 | D:1      | Found a shattered altar of Ashenzari.
   334 | D:1      | Reached skill level 2 in Conjurations
   391 | D:1      | Became a worshipper of Ashenzari the Shackled
   426 | D:1      | Reached XP level 3. HP: 14/19 MP: 0/6
   948 | D:2      | Noticed Robin
   976 | D:2      | Killed Robin
   985 | D:2      | Reached XP level 4. HP: 10/24 MP: 0/7
   993 | D:2      | Reached skill level 3 in Conjurations
  1476 | D:2      | Noticed Sigmund
  1580 | D:3      | Reached XP level 5. HP: 22/28 MP: 0/8
  1678 | D:3      | Reached skill level 4 in Conjurations
  1825 | D:3      | Learned a level 3 spell: Mephitic Cloud
  2037 | D:3      | Reached skill level 5 in Poison Magic
  2074 | D:3      | Reached XP level 6. HP: 26/32 MP: 3/9
  2613 | D:4      | Found a glowing golden altar of the Shining One.
  2613 | D:4      | Found a sparkling altar of Nemelex Xobeh.
  2614 | D:4      | Found a blossoming altar of Fedhas.
  2730 | D:4      | Reached skill level 5 in Conjurations
  2759 | D:4      | Reached XP level 7. HP: 36/36 MP: 2/10
  2967 | D:4      | Noticed Edmund
  2973 | D:5      | Entered Level 5 of the Dungeon
  2980 | D:5      | Learned a level 5 spell: Venom Bolt
  3002 | D:5      | Noticed a gargoyle
  3057 | D:5      | Reached * piety under Ashenzari
  3094 | D:5      | Reached skill level 6 in Conjurations
  3320 | D:5      | Reached XP level 8. HP: 41/41 MP: 6/11
  3336 | D:5      | Reached skill level 7 in Conjurations
  3396 | D:5      | Noticed Pikel
  3424 | D:5      | Killed Pikel
  3424 | D:5      | Reached skill level 8 in Conjurations
  3722 | D:6      | Noticed Blork the orc
  3732 | D:6      | Killed Blork the orc
  3841 | D:6      | Reached XP level 9. HP: 39/45 MP: 7/12
  3940 | D:6      | Reached skill level 9 in Conjurations
  4346 | D:6      | Found Mecu's Weapon Shop.
  4686 | D:6      | Found a transporter.
  4689 | D:6      | Noticed Zeus's ghost (novice MiFi)
  4691 | D:6      | Identified the +6 dire flail "Tormentor" {elec, *Noise rF+
                  | rN+ Stlth+}
  4691 | D:6      | Noticed a two-headed ogre
  5278 | D:7      | HP: 1/45 [centaur/arrow (2)]
  5278 | D:7      | Shot with an arrow by a centaur

Levels and vault maps discovered:
D:1:      dpeg_arrival_short_road, layout_rooms, evilmike_ruin_ashenzari
D:2:      layout_basic, uniq_sigmund, uniq_robin
D:3:      layout_rooms, first_ration
D:4:      layout_loops_ring, gammafunk_temple_overflow_claw,
          nicolae_overflow_crystal_walls, uniq_edmund
D:5:      layout_loops_ring, minmay_temple_entry_glassed_door, uniq_pikel
D:6:      layout_basic, gammafunk_ghost_smash, serial_shops, shop,
          uniq_blork_the_orc
D:7:      layout_gridville

Skill      XL: |  1  2  3  4  5  6  7  8  9 |
---------------+----------------------------+-----
Conjurations   | 2 3 4 5 6 8 9 |  9.4
Poison Magic   | 4 5 6 8 |  8.8
Dodging        | 2 |  2.5
Stealth        | |  2.2
Spellcasting   | |  2.9

Action                   |  1- 3 |  4- 6 |  7- 9 || total
-------------------------+-------+-------+-------++-------
Melee: Whip              |    52 |   104 |   179 ||   335
       Staff             |       |       |    23 ||    23
 Cast: Sting             |    40 |    86 |   102 ||   228
       Mephitic Cloud    |       |     5 |     7 ||    12
       Venom Bolt        |       |       |     3 ||     3
  Use: Scroll            |       |     6 |     3 ||     9
       Potion            |       |       |     1 ||     1
 Stab: Confused          |       |     4 |     1 ||     5
       Sleeping          |       |       |     1 ||     1
  Eat: Chunk             |     1 |     7 |     9 ||    17
       Ration            |       |       |     1 ||     1
Armor: Robe              |    25 |    35 |    87 ||   147
Dodge: Dodged            |    39 |    72 |   150 ||   261

Table legend:
 A = Non-vault XP
 B = Vault XP
 C = Vault XP percentage of total XP
 D = Non-vault monster count
 E = Vault monster count
 F = Vault count percentage of total count
                 A         B        C        D         E       F
            +---------+---------+-------+---------+---------+-------
      Total |    2579 |     743 |  22.4 |     163 |      14 |   7.9
            +---------+---------+-------+---------+---------+-------
        D:1 |      50 |       0 |   0.0 |      25 |       0 |   0.0
        D:2 |      42 |      37 |  46.8 |      10 |      12 |  54.5
        D:3 |     216 |       0 |   0.0 |      34 |       0 |   0.0
        D:4 |     402 |       0 |   0.0 |      23 |       0 |   0.0
        D:5 |     823 |     607 |  42.4 |      25 |       1 |   3.8
        D:6 |     548 |      99 |  15.3 |      35 |       1 |   2.8
        D:7 |     498 |       0 |   0.0 |      11 |       0 |   0.0
            +---------+---------+-------+---------+---------+-------
